 Dungeon Crawl Stone Soup version 0.19.4-8-ga85b6b9 (webtiles) character file.

375 Inchmeat the Slasher (level 6, -6/39 HPs)
             Began as a High Elf Skald on Feb 9, 2017.
             Mangled by a crimson imp
             ... wielding the +8 trident of the Octopus King {venom, rElec rPois MR+}
              (10 damage)
             ... on level 4 of the Dungeon.
             The game lasted 00:15:25 (5591 turns).

Inchmeat the Slasher (High Elf Skald)               Turns: 5591, Time: 00:15:26

Health: -6/39      AC:  6    Str: 11    XL:     6   Next: 44%
Magic:  7/10       EV: 12    Int: 17    God:
Gold:   81         SH:  0    Dex: 16    Spells: 1 memorised, 8 levels left

rFire  . . .     SeeInvis .     a - +0 falchion
rCold  . . .     Gourm    .     b - +0 leather armour
rNeg   . . .     Faith    .     (no shield)
rPois  .         Spirit   .     (no helmet)
rElec  .         Reflect  .     n - +2 cloak
rCorr  .         Harm     .     (no gloves)
MR     .....                    (no boots)
Stlth  +.........               m - amulet of rage
                                (no ring)
                                (no ring)

@: lethally poisoned (-6 -> -25), exhausted, infused, slowed, very slow
A: no striking features
a: Evoke Berserk Rage


You were on level 4 of the Dungeon.
You were very hungry.

You visited 1 branch of the dungeon, and saw 4 of its levels.

You collected 81 gold pieces.

Inventory:

Hand Weapons
 a - a +0 falchion (weapon)
 t - a +0 shortbow
Missiles
 i - 75 arrows
Armour
 b - a +0 leather armour (worn)
 n - a +2 cloak (worn)
Jewellery
 m - an amulet of rage (around neck)
Scrolls
 e - 4 scrolls of identify {unknown}
 j - 2 scrolls of magic mapping {unknown}
 k - a scroll of immolation {unknown}
 l - a scroll of fear {unknown}
 p - 2 scrolls of remove curse {unknown}
 q - 2 scrolls of fog {unknown}
Potions
 g - a potion of might {unknown}
 h - a potion of heal wounds {unknown}
 o - a potion of invisibility {unknown}
 r - a potion of agility {unknown}
 s - a potion of curing {unknown}
 v - a potion of degeneration {unknown}
Books
 c - a book of Battle

   Spells                             Type                      Level
   a - Infusion                       Charms                       1
   b - Shroud of Golubria             Charms/Translocation         2
   c - Song of Slaying                Charms                       2
   d - Spectral Weapon                Hexes/Charms                 3
   e - Regeneration                   Charms/Necromancy            3
Comestibles
 d - 2 bread rations
 f - a beef jerky
 u - 2 meat rations


   Skills:
 - Level 2.0 Fighting
 - Level 7.0 Long Blades
 * Level 3.6 Bows
 - Level 0.8 Armour
 - Level 2.2 Dodging
 - Level 0.5 Stealth
 - Level 2.4 Spellcasting
 - Level 3.6 Charms
 - Level 0.2 Evocations


You had 8 spell levels left.
You knew the following spells:

 Your Spells              Type           Power        Failure   Level  Hunger
a - Infusion              Chrm           ##..         8%          1    #......


Dungeon Overview and Level Annotations

Branches:
Dungeon (4/15)
 Temple: D:4-7

Altars:
Ru
Sif Muna

Annotations:
D:3 Yinadele's ghost, amateur SpEn


Message History

You're too exhausted to go berserk.
Okay, then.
Okay, then.
Casting: Infusion
Confirm with . or Enter, or press ? or * to list all spells.
You extend your infusion's duration.
The crimson imp hits you with the +8 trident of the Octopus King {venom, rElec rPois MR+}!
You are poisoned.
The gnoll completely misses you.
The gnoll moves out of view.
The gnoll barely misses you.
The crimson imp hits you with the +8 trident of the Octopus King {venom, rElec rPois MR+}.
You are lethally poisoned!
You feel very sick. The gnoll hits you but does no damage.
The crimson imp barely misses you. The gnoll hits you.
You feel very sick. The crimson imp closely misses you.
The gnoll hits you with a great sword!
* * * LOW HITPOINT WARNING * * *
The crimson imp hits you with the +8 trident of the Octopus King {venom, rElec rPois MR+}!
You die...

.... .... ##........ #...
... #..####..# ..... ...
###.## ##.## ..... ..
##...# ##.... ...... #.##
##).#####..... #.....# ..#
#..## #...... #......##.#
##.######......
.......g.g###..#.......[...
.......#.g@......###.......
.......##5..#.#### #.......
..............# ####.#.....
........#....####..#.##....
.......###.....##..#.######
....... ###.....<.#.#
....... ####......# ..?
#..#...## ... #...##...###


You could see 3 gnolls and a crimson imp.

Vanquished Creatures
  A centaur (D:3)
  2 howler monkeys (D:4)
  An orc wizard (D:4)
  8 adders
  An ooze (D:3)
  An adder zombie (D:1)
  5 worms
  A dart slug (D:2)
  5 leopard geckos
  An orc (D:4)
  6 giant cockroaches
  10 goblins
  11 hobgoblins
  3 jackals (D:3)
  2 quokkas
  6 bats
  3 frilled lizards
  A giant cockroach zombie (D:1)
  A jackal skeleton (D:4)
  9 kobolds
  12 rats
90 creatures vanquished.

Notes
Turn   | Place    | Note
-------+----------+-------------------------------------------
     0 | D:1      | Inchmeat the High Elf Skald began the quest for the Orb.
     0 | D:1      | Reached XP level 1. HP: 14/14 MP: 4/4
   125 | D:1      | Reached skill level 3 in Long Blades
   186 | D:1      | Reached XP level 2. HP: 15/19 MP: 6/6
  1083 | D:1      | Reached XP level 3. HP: 16/24 MP: 7/7
  1085 | D:1      | Reached skill level 4 in Long Blades
  2667 | D:2      | Reached skill level 5 in Long Blades
  2667 | D:2      | Reached XP level 4. HP: 21/29 MP: 4/8
  3948 | D:3      | Noticed Yinadele's ghost (amateur SpEn)
  4159 | D:3      | Found a deep blue altar of Sif Muna.
  4289 | D:3      | Reached XP level 5. HP: 28/34 MP: 9/9
  4339 | D:3      | Reached skill level 6 in Long Blades
  4700 | D:3      | Noticed a centaur
  4708 | D:3      | Killed a centaur
  4708 | D:3      | Reached skill level 7 in Long Blades
  5235 | D:4      | Reached skill level 1 in Bows
  5235 | D:4      | Reached XP level 6. HP: 30/39 MP: 6/10
  5483 | D:4      | Found a sacrificial altar of Ru.
  5591 | D:4      | Mangled by a crimson imp

Skill      XL: |  1  2  3  4  5  6 |
---------------+-------------------+-----
Long Blades    | 3 5 7 |  7.0
Dodging        | 2 |  2.2
Bows           | 1 3 |  3.6
Fighting       | |  2.0
Armour         | |  0.8
Stealth        | |  0.5
Spellcasting   | |  2.4
Charms         | |  3.6
Evocations     | |  0.2

Action                   |  1- 3 |  4- 6 || total
-------------------------+-------+-------++-------
Melee: Falchion          |   145 |   162 ||   307
 Fire: Shortbow          |       |     9 ||     9
 Cast: Infusion          |     4 |    14 ||    18
 Abil: Evoke Berserk Rag |       |     3 ||     3
 Stab: Distracted        |       |     1 ||     1
       Paralysed         |       |     2 ||     2
  Eat: Chunk             |     6 |    11 ||    17
Armor: Leather armour    |    30 |    67 ||    97
Dodge: Dodged            |    98 |   117 ||   215
       Rpst.: Falchion   |    32 |    40 ||    72
